AoeStats
← Stihl

Fortress

510559704Analyzed
1v1 RM · 21h ago on Oct 1, 2026· 46m 3s· 2 players
Game mode
Random Map
Map size
Small (3 player)
Population
200
Speed
Normal
Resources
Standard
Victory
Conquest
Starting age
Dark Age
Ending age
Imperial Age
RankedLock teamsTeams togetherTeam positionsShared explorationLock speedFull tech treeHidden civsTurbo modeCheats
Victory
Defeat
🇳🇴 Lithuanians · Norway
1142
+17
🇪🇸 Maya · Spain
1170
-17
si.elgen
6:46 Feudal Age
7:56 Double-Bit Axe
10:47 Castle Age
9:35 Loom
11:56 Bow Saw
22:10 Scale Barding Armor
22:57 Forging
23:45 Chain Barding Armor
24:03 Wheelbarrow
23:14 Town Watch
24:56 Bloodlines
24:47 Husbandry
28:41 Imperial Age
26:28 Hand Cart
26:58 Town Patrol
29:48 Conscription
30:17 Conscription
29:39 Onager
30:24 Cavalier
31:41 Iron Casting
32:23 Conscription
37:05 Two-Man Saw
37:51 Paladin
39:15 Gold Mining
39:19 Stone Mining
41:55 Tower Shields
42:43 Elite Skirmisher
43:16 Fletching
43:26 Padded Archer Armor
44:02 Plate Barding Armor
44:13 Stone Shaft Mining
44:08 Thumb Ring
44:12 Bodkin Arrow
Stihl
0:26 Loom
8:21 Feudal Age
10:07 Double-Bit Axe
10:18 Horse Collar
13:04 Castle Age
11:56 Fletching
12:40 Gold Mining
14:11 Wheelbarrow
14:11 Bow Saw
14:46 Padded Archer Armor
14:55 Bodkin Arrow
23:21 Imperial Age
21:28 Ballistics
21:42 Padded Archer Armor
21:59 Scale Mail Armor
23:32 Forging
25:31 Eagle Warrior
30:14 Chain Mail Armor
31:04 Iron Casting
33:16 Elite Plumed Archer
36:31 Blast Furnace
37:34 Two-Man Saw
37:09 Plate Mail Armor
37:31 Pikeman
38:12 Squires
38:35 Halberdier
44:48 Heavy Plow
44:52 Bracer
Connection lost

Rejoining the realm…

Still unreachable

The connection could not be restored.

Session expired

The server has moved on; the page needs a fresh start.